 Dungeon Crawl Stone Soup version 0.25-a0-670-g50981ef59b (webtiles) character file.

Game seed: 9975692713566039819, levelgen mode: deterministic

2489 Amnesiac the Thaumaturge (level 9, 0/45 HPs)
             Began as a Deep Elf Wizard on Mar 29, 2020.
             Was an Initiate of Vehumet.
             Slain by an orc priest
             ... wielding a +0 dagger
              (5 damage)
             ... on level 7 of the Dungeon.
             The game lasted 00:29:31 (9586 turns).

Amnesiac the Thaumaturge (Deep Elf Wizard)          Turns: 9586, Time: 00:29:32

Health: 0/45       AC:  7    Str:  4    XL:     9   Next: 27%
Magic:  5/29       EV: 11    Int: 31    God:    Vehumet [......]
Gold:   269        SH:  7    Dex: 13    Spells: 25/36 levels left

rFire    . . .     SeeInvis .   a - +2 short sword (venom)
rCold    . . .     Gourm    .   y - +2 buckler
rNeg     . . .     Faith    .   I - +2 leather armour {rPois}
rPois    +         Spirit   .   b - +0 hat
rElec    .         Reflect  .   h - +0 cloak
rCorr    .         Harm     .   (no gloves)
MR       .....                  k - +0 pair of boots
Stlth    ++........             (no amulet)
HPRegen  0.15/turn              C - +4 ring of intelligence
MPRegen  0.21/turn              (no ring)

@: no status effects
A: no striking features
a: Renounce Religion


You were on level 7 of the Dungeon.
You worshipped Vehumet.
Vehumet was noncommittal.
You were hungry.

You visited 2 branches of the dungeon, and saw 9 of its levels.
You also visited: Sewer.

You collected 269 gold pieces.

Inventory:

Hand Weapons
 a - a +2 short sword of venom (weapon)
 f - a +0 falchion of flaming
 o - a +2 quarterstaff of chaos
Missiles
 e - 30 poisoned darts (quivered)
 j - 4 throwing nets
Armour
 b - a +0 hat (worn)
 h - a +0 cloak (worn)
 k - a +0 pair of boots (worn)
 y - a +2 buckler (worn)
 I - a +2 leather armour of poison resistance (worn)
 L - a +0 pair of gloves
Jewellery
 C - a +4 ring of intelligence (left hand)
 K - an uncursed amulet of harm {unknown}
Wands
 m - a wand of paralysis (7)
 p - a wand of polymorph (1)
Scrolls
 g - 5 scrolls of teleportation {!r}
 r - 4 scrolls of fear {!r}
 s - 3 scrolls of remove curse {!r}
 u - 3 scrolls of identify {!r}
 A - 2 scrolls of amnesia {!r, unknown}
 B - a scroll of summoning {!r, unknown}
 D - a scroll of vulnerability {!r, unknown}
 F - a scroll of magic mapping {!r, unknown}
 J - a scroll of random uselessness {!r, unknown}
 M - a scroll of fog {!r, unknown}
Potions
 c - a potion of magic {!q, unknown}
 i - a potion of ambrosia {!q, unknown}
 n - a potion of heal wounds {!q, unknown}
 q - a potion of cancellation {!q, unknown}
 t - a potion of flight {!q}
 v - 2 potions of curing {!q}
 w - 2 potions of mutation {!q}
 x - a potion of berserk rage {!q}
 z - a potion of lignification {!q, unknown}
 E - a potion of haste {!q, unknown}
 G - a potion of brilliance {!q, unknown}
 H - a potion of might {!q, unknown}
Comestibles
 d - 11 rations


   Skills:
 - Level 2.4 Dodging
 - Level 2.4 Stealth
 - Level 4.6 Shields
 + Level 14.3 Spellcasting
 - Level 1.1 Conjurations
 - Level 1.1 Summonings
 - Level 1.1 Translocations


You had 25 spell levels left.
You knew the following spells:

 Your Spells              Type           Power        Failure   Level  Hunger
a - Magic Dart            Conj           ####         2%          1    None
b - Call Imp              Summ           ####....     3%          2    None
e - Mephitic Cloud        Conj/Pois/Air  ###.....     10%         3    None
s - Conjure Flame         Conj/Fire      ####....     9%          3    None
v - Blink                 Tloc           N/A          3%          2    None

Your spell library contained the following spells:

 Spells                   Type           Power        Failure   Level  Hunger
 Slow                     Hex            ###.....     5%          2    None


Dungeon Overview and Level Annotations

Branches:
Dungeon (8/15)             Temple (1/1) D:6           Sewer (visited)
   Lair: D:8-11

Altars:
Ashenzari
Cheibriados
Dithmenos
Elyvilon
Fedhas
Gozag
Hepliaklqana
Kikubaaqudgha
Makhleb
Nemelex Xobeh
Okawaru
Qazlal
Ru
Sif Muna
Trog
Uskayaw
Vehumet
Wu Jian
Xom
Yredelemnul
Zin
The Shining One

Annotations:
D:3 3 runed translucent doors, emiel's ghost, amateur KoFi
D:7 Pikel


Message History

The killer bee is engulfed in noxious fumes.
Found a stone staircase leading up and a stone staircase leading down.
Casting: Mephitic Cloud (safe; 10% risk of failure)
Confirm with . or Enter, or press ? or * to list all spells.
Aiming: Mephitic Cloud (safe; 10% risk of failure)
Press: ? - help, Shift-Dir - straight line, f/p - killer bee
Aim: a killer bee (moderately wounded, confused)
The ball explodes into a vile cloud!
The stinking cloud engulfs the killer bee but does no damage.
The killer bee is moderately wounded.
The stinking cloud engulfs you but does no damage.
The killer bee is engulfed in noxious fumes.
The killer bee appears confused.
The killer bee is engulfed in noxious fumes.
The killer bee appears confused.
The killer bee is engulfed in noxious fumes.
The killer bee appears confused.
The killer bee barely misses you.
The killer bee is engulfed in noxious fumes.
The killer bee is engulfed in noxious fumes.
The killer bee appears confused.
The killer bee is engulfed in noxious fumes.
The killer bee appears confused.
You are feeling hungry.
The killer bee is engulfed in noxious fumes.
The killer bee appears confused.
There is a stone staircase leading up here.
You climb upwards.
Level annotation: Pikel The orc shouts!
An orc, an orc warrior and an orc priest come into view.
The orc warrior shouts!
The orc shouts!
The orc warrior barely misses you.
The orc priest hits you but does no damage.
There is a stone staircase leading down here.
Casting: Mephitic Cloud (safe; 10% risk of failure)
Confirm with . or Enter, or press ? or * to list all spells.
Aiming: Mephitic Cloud (safe; 10% risk of failure)
Press: ? - help, Shift-Dir - straight line, f - orc
Aim: an orc, wielding a +0 dagger The ball explodes into a vile cloud!
The stinking cloud engulfs the orc but does no damage.
The orc priest mumbles some strange prayers to Beogh against you.
You resist with significant effort.
The orc warrior hits you with a +0 hand axe.
* * * LOW HITPOINT WARNING * * *
The orc is engulfed in noxious fumes.
The orc appears confused.
Casting: Mephitic Cloud (safe; 10% risk of failure)
Confirm with . or Enter, or press ? or * to list all spells.
Aiming: Mephitic Cloud (safe; 10% risk of failure)
Press: ? - help, Shift-Dir - straight line, f - you, p - orc The ball explodes into a vile cloud!
The stinking cloud engulfs you but does no damage.
The stinking cloud engulfs the orc warrior but does no damage.
The stinking cloud engulfs the orc priest but does no damage.
You hear a bark!
The orc is engulfed in noxious fumes.
The orc appears confused.
The orc priest is engulfed in noxious fumes.
The orc priest appears confused.
The orc priest hits you but does no damage.
The orc warrior is engulfed in noxious fumes.
The orc warrior appears confused.
The orc priest is engulfed in noxious fumes.
The orc priest hits you with a +0 dagger.
You die...

.......
.....
.....
... ...
#o#
##o#
#☼@#
#o## #o
#° #.
#. #.
##


You could see an orc warrior (confused), an orc priest (confused) and 2 orcs.

Vanquished Creatures
  Prince Ribbit (D:5)
  Edmund (D:6)
  2 orc warriors
  A sky beast (D:6)
  2 black bears
  3 phantoms
  4 ogres
  2 bullfrogs (D:6)
  A scorpion (D:6)
  A killer bee (D:8)
  2 crimson imps (D:5)
  2 jellies
  2 orc priests (D:4)
  A hound (D:2)
  Ijyb (D:3)
  Natasha (twice) (D:4)
  2 orc wizards
  4 worker ants
  7 adders
  10 gnolls
  6 river rats (Sewer)
  2 shadow imps (D:5)
  An ooze (D:2)
  2 worms
  2 dart slugs (D:2)
  7 leopard geckos
  15 orcs
  5 giant cockroaches
  7 goblins
  9 hobgoblins
  10 jackals
  9 kobolds
  3 quokkas
  8 ball pythons
  4 bats
  8 frilled lizards
  A jackal skeleton (D:5)
  A leopard gecko skeleton (D:4)
  18 rats
169 creatures vanquished.

Vanquished Creatures (collateral kills)
  2 ogres
  Crazy Yiuf (D:3)
  An orc wizard (D:3)
  Natasha (D:4)
  3 gnolls (D:2)
  An adder (D:3)
  A worm (D:2)
  A leopard gecko (D:3)
  3 orcs
  A giant cockroach (D:5)
  3 kobolds (D:3)
  2 bats (D:3)
  A frilled lizard (D:3)
21 creatures vanquished.

Vanquished Creatures (others)
  A bullfrog (D:8)
  A killer bee (D:8)
2 creatures vanquished.

Grand Total: 192 creatures vanquished

Notes
Turn   | Place    | Note
-------+----------+-------------------------------------------
     0 | D:1      | Amnesiac the Deep Elf Wizard began the quest for the Orb.
     0 | D:1      | Reached XP level 1. HP: 10/10 MP: 7/7
   148 | D:2      | Found an ornate altar of the Wu Jian Council.
   153 | D:2      | Found a bloodstained altar of Trog.
   408 | D:1      | Reached skill level 5 in Spellcasting
   813 | D:1      | Reached XP level 2. HP: 14/15 MP: 8/10
  1176 | D:2      | Learned a level 2 spell: Call Imp
  1185 | D:2      | Learned a level 2 spell: Blink
  1314 | D:2      | Reached XP level 3. HP: 14/19 MP: 8/12
  1319 | D:2      | Learned a level 3 spell: Mephitic Cloud
  1352 | D:2      | Reached skill level 6 in Spellcasting
  1441 | D:3      | Found a runed translucent gate.
  1441 | D:3      | Noticed emiel's ghost (amateur KoFi)
  1458 | D:3      | Found a runed translucent gate.
  1458 | D:3      | Found a runed translucent gate.
  1595 | D:3      | Noticed Ijyb
  1605 | D:3      | Paralysed by Ijyb for 6 turns
  1629 | D:3      | Killed Ijyb
  1629 | D:3      | Reached XP level 4. HP: 11/24 MP: 7/14
  1778 | D:3      | Reached skill level 7 in Spellcasting
  2235 | D:3      | Found a runed translucent door.
  2236 | D:3      | Noticed Crazy Yiuf
  2307 | D:3      | Killed Crazy Yiuf
  2848 | D:4      | Reached skill level 8 in Spellcasting
  2848 | D:4      | Reached XP level 5. HP: 15/28 MP: 15/17
  2941 | D:4      | Found a white marble altar of Elyvilon.
  2989 | D:4      | Found an ancient bone altar of Kikubaaqudgha.
  2998 | D:4      | Found a shimmering blue altar of Sif Muna.
  3007 | D:4      | Found a hazy altar of Hepliaklqana.
  3189 | D:4      | Found a sacrificial altar of Ru.
  3409 | D:4      | Noticed a phantom
  4039 | D:4      | Noticed an ogre
  4046 | D:4      | Noticed Natasha
  4047 | D:4      | Noticed an ogre
  4124 | D:2      | Reached skill level 9 in Spellcasting
  4441 | D:2      | Reached XP level 6. HP: 31/32 MP: 20/20
  5553 | D:4      | Reached skill level 1 in Shields
  6018 | D:4      | Killed Natasha
  6148 | D:4      | Noticed Natasha
  6149 | D:4      | Reached XP level 7. HP: 28/36 MP: 2/22
  6163 | D:4      | Killed Natasha
  6512 | D:4      | Noticed Natasha
  6527 | D:4      | Killed Natasha
  6548 | D:5      | Entered Level 5 of the Dungeon
  6614 | D:5      | Noticed Prince Ribbit
  6641 | D:5      | Killed Prince Ribbit
  6712 | D:5      | Reached skill level 10 in Spellcasting
  6820 | D:5      | Reached XP level 8. HP: 12/41 MP: 15/24
  7140 | D:5      | Found a glowing drain.
  7144 | Sewer    | Entered a sewer
  7242 | Sewer    | Reached skill level 11 in Spellcasting
  8268 | D:6      | Found a staircase to the Ecumenical Temple.
  8281 | D:6      | Found a stormy altar of Qazlal.
  8290 | D:6      | Found a shadowy altar of Dithmenos.
  8290 | D:6      | Found an iron altar of Okawaru.
  8290 | D:6      | Found a shimmering altar of Xom.
  8294 | Temple   | Entered the Ecumenical Temple
  8358 | Temple   | Became a worshipper of Vehumet
  8456 | D:6      | Found a hazy altar of Hepliaklqana.
  8499 | D:6      | Noticed Edmund
  8505 | D:6      | Learned a level 3 spell: Conjure Flame
  8515 | D:6      | Killed Edmund
  8515 | D:6      | Reached skill level 12 in Spellcasting
  8608 | D:6      | Reached skill level 13 in Spellcasting
  9015 | D:6      | Found a glowing golden altar of the Shining One.
  9020 | D:6      | Found a basalt altar of Yredelemnul.
  9022 | D:6      | Noticed a profane servitor
  9215 | D:6      | Reached XP level 9. HP: 32/45 MP: 25/28
  9355 | D:6      | Noticed an angel
  9517 | D:7      | Reached skill level 14 in Spellcasting
  9523 | D:7      | Noticed Pikel
  9586 | D:7      | Slain by an orc priest

Levels and vault maps discovered:
D:1:      nicolae_arrival_memento_mori, layout_loops_ring, skrybe_limestone_x,
          chequers_serial_rivers_micro_e
D:2:      layout_loops_ring, minitemple
D:3:      layout_basic, ebering_ghost_rock_garden, uniq_crazy_yiuf_cottage,
          uniq_ijyb
D:4:      layout_layer_cave, grunt_temple_overflow_cloverleaf,
          kennysheep_little_box, first_ration, uniq_natasha
D:5:      layout_rooms, gup_sewer_entry_spiral, uniq_prince_ribbit1
D:6:      layout_basic, grunt_temple_overflow_holy_war,
          chequers_temple_overflow_statue_of_worship, minmay_temple_entry_mist,
          basic_altar, kennysheep_pointless_box, nicolae_underground_beach,
          uniq_edmund
D:7:      kennysheep_housing_project, layout_rooms, uniq_pikel
D:8:      layout_loops_ring
Temple:   compressed_dpeg_triangle_lava_temple

Skill      XL: |  1  2  3  4  5  6  7  8  9 |
---------------+----------------------------+-----
Spellcasting   | 5 6 8 9 10 13 14 | 14.3
Shields        | 3 4 |  4.6
Dodging        | |  2.4
Stealth        | |  2.4
Conjurations   | |  1.1
Summonings     | |  1.1
Translocations | |  1.1

Action                   |  1- 3 |  4- 6 |  7- 9 || total
-------------------------+-------+-------+-------++-------
Melee: Spear             |    29 |       |       ||    29
       Short sword       |     3 |   196 |   173 ||   372
       Unarmed           |       |       |     7 ||     7
 Cast: Magic Dart        |    40 |    15 |   140 ||   195
       Call Imp          |    12 |    19 |    20 ||    51
       Mephitic Cloud    |     1 |    10 |    32 ||    43
       Blink             |       |       |     1 ||     1
       Conjure Flame     |       |       |     1 ||     1
Evoke: Wand              |       |       |     1 ||     1
  Use: Scroll            |       |     7 |       ||     7
       Potion            |       |     2 |       ||     2
 Stab: Sleeping          |       |     6 |       ||     6
       Confused          |       |     1 |     7 ||     8
       Distracted        |       |     1 |     2 ||     3
       Paralysed         |       |       |     7 ||     7
  Eat: Chunk             |     2 |    14 |    11 ||    27
Armor: Robe              |     5 |    26 |    13 ||    44
       Leather armour    |       |       |    18 ||    18
Dodge: Dodged            |    31 |   125 |   116 ||   272
Block: Buckler           |       |     2 |    65 ||    67

Table legend:
 A = Non-vault XP
 B = Vault XP
 C = Vault XP percentage of total XP
 D = Non-vault monster count
 E = Vault monster count
 F = Vault count percentage of total count
                 A         B        C        D         E       F
            +---------+---------+-------+---------+---------+-------
      Total |    2698 |     858 |  24.1 |     151 |      41 |  21.4
            +---------+---------+-------+---------+---------+-------
        D:1 |      30 |       0 |   0.0 |      16 |       0 |   0.0
        D:2 |     143 |       0 |   0.0 |      30 |       0 |   0.0
        D:3 |      75 |      66 |  46.8 |      30 |       2 |   6.2
        D:4 |     512 |      29 |   5.4 |      25 |       1 |   3.8
        D:5 |     610 |     281 |  31.5 |      23 |       6 |  20.7
        D:6 |    1090 |     162 |  12.9 |      22 |       1 |   4.3
        D:7 |     134 |     222 |  62.4 |       2 |       6 |  75.0
        D:8 |     104 |       0 |   0.0 |       3 |       0 |   0.0
      Sewer |       0 |      98 | 100.0 |       0 |      25 | 100.0
            +---------+---------+-------+---------+---------+-------
